 Dungeon Crawl Stone Soup version 0.25-a0-2-g6559c6c67a (webtiles) character file.

Game seed: 12312662750471773026, levelgen mode: deterministic

291 Kohma the Slinger (level 6, 0/39 HPs)
             Began as a Halfling Hunter on Oct 14, 2019.
             Slain by Pikel
             ... wielding a +0 whip of flaming
              (3 damage)
             ... on level 4 of the Dungeon.
             The game lasted 00:08:24 (3049 turns).

Kohma the Slinger (Halfling Hunter)                 Turns: 3049, Time: 00:08:24

Health: 0/39       AC:  7    Str: 14    XL:     6   Next: 58%
Magic:  6/6        EV: 14    Int:  9    God:
Gold:   246        SH:  0    Dex: 16    Spells: 5/5 levels left

rFire    . . .     SeeInvis .   a - +1 hunting sling
rCold    . . .     Gourm    .   (shield restricted)
rNeg     . . .     Faith    .   g - +1 scale mail
rPois    .         Spirit   .   (no helmet)
rElec    .         Reflect  .   (no cloak)
rCorr    .         Harm     .   (no gloves)
MR       .....                  (no boots)
Stlth    ..........             (no amulet)
HPRegen  0.13/turn              (no ring)
MPRegen  0.10/turn              (no ring)

@: no status effects
A: small, mutation resistance 1
a: no special abilities


You were on level 4 of the Dungeon.
You were not hungry.

You visited 1 branch of the dungeon, and saw 4 of its levels.

You collected 246 gold pieces.

Inventory:

Hand Weapons
 a - a +1 hunting sling (weapon)
 b - a +0 short sword
 p - a +2 dagger of freezing
Missiles
 d - 8 sling bullets
 h - 87 stones (quivered)
Armour
 g - a +1 scale mail (worn)
Wands
 o - a wand of iceblast (9)
 r - a wand of disintegration (3)
Scrolls
 c - a scroll of magic mapping
 i - a scroll of immolation
 n - a scroll of enchant armour
 q - 3 scrolls of teleportation
Potions
 e - 3 potions of agility
 j - a potion of degeneration {unknown}
 k - a potion of haste {unknown}
 l - a potion of brilliance {unknown}
 m - 2 potions of curing {unknown}
 w - a potion of lignification {unknown}
Comestibles
 f - 8 rations


   Skills:
 - Level 1.7 Fighting
 * Level 9.3 Slings
 + Level 4.4 Dodging
 - Level 1.1 Stealth


You had 5 spell levels left.
You didn't know any spells.
Your spell library was empty.

Dungeon Overview and Level Annotations

Branches:
Dungeon (4/15)
 Temple: D:4-7

Altars:
Kikubaaqudgha
Yredelemnul
The Shining One

Annotations:
D:4 Pikel


Innate Abilities, Weirdness & Mutations

You are small and have problems with some larger weapons.
You are somewhat resistant to further mutation.


Message History

You shoot a stone. The stone hits the slave.
The slave is heavily wounded.
Pikel hits you with a +0 whip of flaming.
Pikel burns you.
Firing (i - inventory. (/) - cycle)
h - 89 stones (quivered)
Press: ? - help, Shift-Dir - straight line, f - Pikel, p - slave
Aim: Pikel, wielding a +0 whip of flaming and wearing a +0 robe You shoot a stone.
The stone hits Pikel but does no damage.
The slave hits you.
* * * LOW HITPOINT WARNING * * *
Firing (i - inventory. (/) - cycle)
h - 88 stones (quivered)
Press: ? - help, Shift-Dir - straight line, f/p - Pikel
Aim: Pikel, wielding a +0 whip of flaming and wearing a +0 robe You shoot a stone.
The stone hits Pikel.
Pikel is lightly wounded.
Pikel hits you with a +0 whip of flaming.
* * * LOW HITPOINT WARNING * * *
Pikel burns you.
You die...

#.#####.# #.##....# ######### #
#.#####.####.####.##
####.##..............#
...........#..#......#
####.##.#...(....##.## #
#.......#.....##.# #
#.##.#.##...#.##.# ####### #
#.##......p.pp...# ...... #
#......####.#@#########..?.### #
##.....# #.#K##.............. #
#.....####.#..p....p.........
##.....#.....(.#.p...p....)...
####.#....#.##.##.######.#.......
..#^###†###.##. ..# #o#....###
#..## ##.##.## ##.# #.#....# #.##
##...#####.# #.#....# #..##
#.#........# ##p.....#


You could see Pikel and 3 slaves.

Vanquished Creatures
  A phantom (D:4)
  An iguana (D:3)
  A worker ant (D:4)
  A hound skeleton (D:4)
  4 gnolls
  5 adders
  3 worms
  2 dart slugs
  A leopard gecko (D:4)
  An orc (D:3)
  2 goblins
  8 hobgoblins
  6 jackals
  A quokka (D:2)
  A ball python (D:3)
  3 bats (D:1)
  5 frilled lizards
  8 kobolds
  2 rats (D:1)
  A spectral orc (D:2)
57 creatures vanquished.

Notes
Turn   | Place    | Note
-------+----------+-------------------------------------------
     0 | D:1      | Kohma the Halfling Hunter began the quest for the Orb.
     0 | D:1      | Reached XP level 1. HP: 14/14 MP: 1/1
    89 | D:1      | Reached skill level 6 in Slings
    96 | D:1      | Reached XP level 2. HP: 14/19 MP: 2/2
   310 | D:1      | Reached XP level 3. HP: 15/24 MP: 3/3
   743 | D:2      | Reached skill level 7 in Slings
   820 | D:2      | Reached XP level 4. HP: 29/29 MP: 4/4
  1007 | D:2      | Found a faded altar of an unknown god.
  1095 | D:2      | Found an ancient bone altar of Kikubaaqudgha.
  1416 | D:2      | Found a basalt altar of Yredelemnul.
  1490 | D:3      | Reached XP level 5. HP: 17/34 MP: 5/5
  1700 | D:3      | Reached skill level 8 in Slings
  2505 | D:4      | Noticed a phantom
  2533 | D:4      | Reached XP level 6. HP: 13/39 MP: 6/6
  2544 | D:4      | Killed a phantom
  2544 | D:4      | Reached skill level 9 in Slings
  2645 | D:4      | Found a glowing golden altar of the Shining One.
  2682 | D:4      | Noticed a slave
  2682 | D:4      | Noticed a slave
  2682 | D:4      | Noticed a slave
  2682 | D:4      | Noticed a slave
  2683 | D:4      | Noticed Pikel
  3049 | D:4      | Slain by Pikel

Levels and vault maps discovered:
D:1:      dpeg_arrival_round_a, layout_basic, chequers_serial_rivers_micro_a
D:2:      layout_basic, kiku_gazebo_garden_becter,
          yredelemnul_forgotten_temple_becter, chequers_ecumenical_altar_simple,
          feat_on_display
D:3:      layout_loops_cross, kennysheep_generic_room_2
D:4:      layout_loops_cross, lemuel_crystal_altar, kennysheep_mini,
          lemuel_coloured_pillars_altar, nicolae_ossuary_entry_false_entrances,
          chequers_serial_rivers_small_b, uniq_pikel

Skill      XL: |  1  2  3  4  5  6 |
---------------+-------------------+-----
Slings         | 6 7 8 9 |  9.3
Dodging        | 3 4 |  4.4
Fighting       | |  1.7
Stealth        | |  1.1

Action                   |  1- 3 |  4- 6 || total
-------------------------+-------+-------++-------
 Fire: Hunting sling     |    54 |   184 ||   238
  Use: Scroll            |       |    10 ||    10
  Eat: Chunk             |       |     4 ||     4
       Ration            |       |     1 ||     1
Armor: Leather armour    |     1 |     1 ||     2
       Scale mail        |       |    21 ||    21
Dodge: Dodged            |    21 |    52 ||    73

Table legend:
 A = Non-vault XP
 B = Vault XP
 C = Vault XP percentage of total XP
 D = Non-vault monster count
 E = Vault monster count
 F = Vault count percentage of total count
                 A         B        C        D         E       F
            +---------+---------+-------+---------+---------+-------
      Total |     411 |       5 |   1.2 |      53 |       4 |   7.0
            +---------+---------+-------+---------+---------+-------
        D:1 |      46 |       0 |   0.0 |      19 |       0 |   0.0
        D:2 |      74 |       1 |   1.3 |      18 |       1 |   5.3
        D:3 |     120 |       4 |   3.2 |      11 |       3 |  21.4
        D:4 |     171 |       0 |   0.0 |       5 |       0 |   0.0
            +---------+---------+-------+---------+---------+-------
